[Event "*** Titled Tuesday Blitz"]
[Site "Chess.com"]
[Date "2018.07.03"]
[Round "3"]
[White "Parhamov"]
[Black "GM_Huschenbeth"]
[Result "1-0"]
[WhiteElo "2758"]
[BlackElo "2442"]
[TimeControl "180+2"]
[EndTime "13:35:33 PDT"]
[Termination "Parhamov won on time"]

1. d4 Nf6 2. c4 e6 3. Nf3 d5 4.
Nc3 a6 5. cxd5 exd5 6. Bg5 Be6 7.
e3 Nbd7 8. Bd3 Bd6 9. O-O c6 10.
Ne2 Qc7 11. Bf4 O-O 12. h3 Rfe8 13. Rc1 Ne4 14. b4 h6 15. a4 Bxf4 16. Nxf4 Qd6 17.
b5 axb5 18. axb5 c5 19. dxc5 Ndxc5 20. Bxe4 Nxe4 21. Nd4 Ra2 22. Rc2 Rea8 23. Rxa2 Rxa2 24. Qh5 Nf6 25. Qf3 Bd7 26. Rd1 Rb2 27. Nd3 Ra2 28.
Rc1 Qa3 29. Rd1 Ra1 30. Rxa1 Qxa1+ 31. Kh2 Qb1 32. Nf4 Bxb5 33. Nxd5 Nxd5 34. Qxd5 Bd3 35.
Qd8+ Kh7 36. Qc7 Bg6 37. Nf3 b5 38. Ne5 b4 39. Nd7 Be4 40. Nf8+ Kg8 41. Qb8 b3 42. h4 Qf1 43. Ng6+ Kh7 44. Nf4 Qb1 45. f3 Bg6 46. h5 Bf5 47. e4 b2 48. exf5 Qc2 49. Ng6 1-0

[Event "*** Titled Tuesday Blitz"]
[Site "Chess.com"]
[Date "2018.07.03"]
[Round "3"]
[White "Bigfish1995"]
[Black "chessking2151"]
[Result "1-0"]
[WhiteElo "2885"]
[BlackElo "2452"]
[TimeControl "180+2"]
[EndTime "13:35:40 PDT"]
[Termination "Bigfish1995 won by resignation"]

1. d4 Nf6 2. c4 e6 3. Nf3 b6 4. g3 Bb7 5. Bg2 Bb4+ 6. Nbd2 O-O 7. O-O d5 8. a3 Bxd2 9. Nxd2 Nc6 10. e3 e5 11.
cxd5 Nxd5 12. e4 Nf6 13. d5 Nd4 14. Nc4 Ba6 15. Nxe5 Ne2+ 16. Kh1 Nxc1 17. Re1 Ne2 18. Nc6 Qe8 19. e5 Ng4 20. Rxe2 Bxe2 21. Qxe2 Nh6 22. Re1 Kh8 23. g4 Qd7 24. h3 Rae8 25. f4 Ng8 26. Nxa7 Ne7 27. Qb5 Qd8 28. f5 f6 29. e6 Nc8 30. Nxc8 Qxc8 31. Qc6 Qd8 32. b4 Re7 33. a4 Qc8 34. a5 bxa5 35. bxa5 Rd8 36. a6 Rd6 37. Qb7 Qxb7 38. axb7 Rb6 39. Ra1 h5 40.
Ra8+ 1-0

[Event "*** Titled Tuesday Blitz"]
[Site "Chess.com"]
[Date "2018.07.03"]
[Round "3"]
[White "Fandorine"]
[Black "Yaacovn"]
[Result "1-0"]
[WhiteElo "2742"]
[BlackElo "2633"]
[TimeControl "180+2"]
[EndTime "13:35:47 PDT"]
[Termination "Fandorine won by resignation"]

1. e4 c6 2. d4 d5 3. e5 Bf5 4.
Nd2 e6 5. Nb3 Ne7 6. Nf3 Bg6 7.
Be2 Nf5 8. h4 h5 9. c3 Nd7 10.
g3 a6 11. Ng1 c5 12. Nh3 Rc8 13. Nf4 cxd4 14. Nxg6 fxg6 15. Nxd4 Nxd4 16. cxd4 Bb4+ 17.
Kf1 O-O 18. Bd3 Qb6 19. Bxg6 Nxe5 20. Bxh5 Rf5 21. Kg2 Rcf8 22. f4 Nc6 23. Bg4 Nxd4 24. Be3 Bc5 25. Bxd4 Bxd4 26. Bxf5 Qxb2+ 27. Kh3 Rxf5 28. Rb1 Qc3 29. Rb3 Qc4 30. Rxb7 Qc8 31. Qb3 Kh7 32.
Rb8 Qc6 33. Qd3 Qc4 34. Qxc4 dxc4 35. Rb4 Rc5 36. Rc1 1-0

[Event "*** Titled Tuesday Blitz"]
[Site "Chess.com"]
[Date "2018.07.03"]
[Round "3"]
[White "VovenRogel"]
[Black "platy3"]
[Result "0-1"]
[WhiteElo "2694"]
[BlackElo "2738"]
[TimeControl "180+2"]
[EndTime "13:35:48 PDT"]
[Termination "platy3 won by resignation"]

1. c4 Nf6 2. Nc3 g6 3. d4 Bg7 4. Nf3 O-O 5. g3 d6 6. Bg2 Nc6 7. O-O e5 8. dxe5 dxe5 9. Qxd8 Rxd8 10. Bg5 Be6 11. Nd2 h6 12. Bxf6 Rxd2 13. Bxg7 Kxg7 14. Bxc6 bxc6 15. b3 f5 16. Rfd1 Rad8 17. Rxd2 Rxd2 18. Rc1 Kf6 19. Kf1 e4 20. Ke1 Rd4 21. Rd1 Ke5 22. Na4 g5 23. Nc5 Bc8 24. e3 Rd6 25. Rd2 f4 26.
exf4+ gxf4 27. gxf4+ Kxf4 28. Na4 Rxd2 29. Kxd2 Kf3 30.
Ke1 Kg2 31. Nc5 Bf5 32. h4 Kh3 33. h5 Kg4 34. Na6 Kxh5 35. Nb8 Kg4 36. Nxc6 h5 37. Nxa7 h4 38. Kf1 h3 39. Nb5 e3 40. Nd4 Be4 0-1

[Event "*** Titled Tuesday Blitz"]
[Site "Chess.com"]
[Date "2018.07.03"]
[Round "3"]
[White "Sordis"]
[Black "joejan"]
[Result "0-1"]
[WhiteElo "2275"]
[BlackElo "2262"]
[TimeControl "180+2"]
[EndTime "13:35:54 PDT"]
[Termination "joejan won by checkmate"]

1. c4 e5 2. g3 Nc6 3. Bg2 g6 4. Nc3 Bg7 5. e3 d6 6. Nge2 f5 7. d4 Nf6 8. b3 O-O 9. Bb2 g5 10. dxe5 dxe5 11. Qxd8 Rxd8 12. Nd5 Ne8 13. O-O-O Be6 14.
h4 g4 15. Nec3 e4 16. Nf4 Bf7 17. a3 a5 18. Ncd5 a4 19. b4 Ne5 20. Bxe5 Bxe5 21.
Rhe1 Nd6 22. Bf1 Ne8 23. Ne7+ Kf8 24. Nxf5 Nd6 25. Nxd6 cxd6 26. Be2 h5 27. Kb1 Rac8 28. Rc1 Rc6 29. Rc2 Rdc8 30. Rec1 b6 31. Bf1 Ke7 32.
Nd5+ Bxd5 33. cxd5 Rc3 34. Bb5 Rb3+ 35. Ka2 Rb2+ 36.
Rxb2 Rxc1 37. Bxa4 Bxb2 38. Kxb2 Rf1 39. Bc6 Rxf2+ 40.
Kb3 Rf3 41. a4 Rxe3+ 42. Kb2 Rxg3 43. a5 bxa5 44. bxa5 Rf3 45. a6 Rf8 46. a7 g3 47.
Bb7 g2 48. Bc8 Rxc8 49. Kb3 g1=Q 50. a8=Q Qb1+ 51. Ka3 Rxa8# 0-1

[Event "*** Titled Tuesday Blitz"]
[Site "Chess.com"]
[Date "2018.07.03"]
[Round "3"]
[White "1b31-0"]
[Black "Hrant_ChessMood"]
[Result "0-1"]
[WhiteElo "2199"]
[BlackElo "2898"]
[TimeControl "180+2"]
[EndTime "13:36:02 PDT"]
[Termination "Hrant_ChessMood won by resignation"]

1. b3 d5 2. Bb2 Nf6 3. e3 Bg4 4. f3 Bf5 5. d4 e6 6. Bd3 Bxd3 7. Qxd3 c5 8. Nd2 Nc6 9. Qe2 Rc8 10. a3 cxd4 11. exd4 Bd6 12. Nh3 O-O 13. O-O Qb6 14. Qd3 Ne5 15. Qe2 Rxc2 16. Kh1 Nc6 17. Rab1 Nxd4 18.
Qd3 Rxb2 19. Rxb2 Bxa3 20. Ra2 Bb4 21. Rb1 Rc8 22. Nf1 Rc3 23. Qd1 Qc5 24. Ng3 h6 25. Ng1 a5 26. N1e2 Nxe2 27. Nxe2 Re3 28. Rc2 Qb5 29.
Rc8+ Kh7 30. Qc2+ Qd3 31. Qxd3+ Rxd3 32. Rbc1 Rd2 33. Ng3 d4 34. R8c7 Kg6 35. h4 d3 36.
h5+ Nxh5 37. Nxh5 Kxh5 38. Rxf7 Re2 39. Rd7 d2 40. Rg1 Re1 41. Kh2 b5 42. Rh1 a4 43.
bxa4 bxa4 44. g4+ Kg6 45. f4 a3 46. f5+ exf5 47. gxf5+ Kxf5 48. Rf7+ Ke6 49. Rxg7 0-1

[Event "*** Titled Tuesday Blitz"]
[Site "Chess.com"]
[Date "2018.07.03"]
[Round "3"]
[White "Karina_Oparina"]
[Black "destroyer305"]
[Result "1/2-1/2"]
[WhiteElo "2211"]
[BlackElo "2312"]
[TimeControl "180+2"]
[EndTime "13:36:03 PDT"]
[Termination "Game drawn by agreement"]

1. Nf3 c5 2. c4 g6 3. g3 Bg7 4. d4 Nc6 5. dxc5 Qa5+ 6. Nbd2 Qxc5 7. Bg2 Nf6 8. O-O O-O 9. b3 d5 10. Bb2 d4 11. a3 a5 12. Rc1 e5 13. Ne1 Rd8 14.
Nd3 Qe7 15. Ne4 Bf5 16. Nxf6+ Bxf6 17. f3 Bg5 18. f4 exf4 19. Nxf4 Bg4 20. Qd2 Bxf4 21.
Rxf4 Qxe2 22. Qxe2 Bxe2 23. Bxc6 bxc6 24. Rxd4 Rdb8 25.
Rc2 Bf3 26. Rc3 Be2 27. Re3 Re8 28. Kf2 Rxe3 29. Kxe3 Re8+ 30. Re4 Rxe4+ 31. Kxe4 Kf8 32. Kd4 Bd1 33. b4 axb4 34. axb4 Ke7 35. b5 cxb5 36. cxb5 Kd6 37. Ba3+ Kc7 38. Kc5 f5 39. Bc1 Be2 40. Bf4+ Kb7 41. h4 Bd3 42. Be3 Be2 43. Kd6 Bxb5 44. Ke6 Kc6 45. Kf7 Be2 46. Kg7 Bh5 47. Kxh7 Kd5 48. Bf4 Ke4 49. Kh6 Kf3 1/2-1/2

[Event "*** Titled Tuesday Blitz"]
[Site "Chess.com"]
[Date "2018.07.03"]
[Round "3"]
[White "2Tilted"]
[Black "LuisFSiles"]
[Result "0-1"]
[WhiteElo "2303"]
[BlackElo "2227"]
[TimeControl "180+2"]
[EndTime "13:36:06 PDT"]
[Termination "LuisFSiles won by resignation"]

1. d4 Nf6 2. Nf3 g6 3. c4 Bg7 4.
Nc3 O-O 5. e4 d6 6. Be2 c5 7. d5 e6 8. O-O exd5 9. cxd5 a6 10.
a4 Bg4 11. Nd2 Bxe2 12. Qxe2 Re8 13. Qd3 Nbd7 14. Nc4 Ne5 15. Nxe5 Rxe5 16. Bf4 Re8 17. h3 Qe7 18. Rfe1 Nd7 19. Bh2 Ne5 20. Qe2 g5 21. g3 c4 22. Rad1 Qd7 23. Kg2 b5 24. f4 gxf4 25.
gxf4 Nd3 26. Rxd3 cxd3 27. Qxd3 b4 28. Ne2 Qxa4 29. Ng3 Rac8 30. Re2 b3 31. Nf5 Rc2 32.
Nxd6 Rd8 33. Nf5 Qb5 34. Qxb5 axb5 35. Kf3 Rxe2 36. Kxe2 Bxb2 37. d6 Ba3 38. Kd3 Bxd6 39.
Kc3 Bc5 40. Ne7+ Bxe7 0-1

[Event "*** Titled Tuesday Blitz"]
[Site "Chess.com"]
[Date "2018.07.03"]
[Round "3"]
[White "pulvettd"]
[Black "Dr-Bassem"]
[Result "0-1"]
[WhiteElo "2461"]
[BlackElo "2698"]
[TimeControl "180+2"]
[EndTime "13:36:14 PDT"]
[Termination "Dr-Bassem won on time"]

1. d4 Nf6 2. c4 g6 3. Nf3 Bg7 4. Nc3 O-O 5. e4 d6 6. Be2 e5 7. Be3 Ng4 8. Bg5 f6 9. Bh4 g5 10. Bg3 Nh6 11. dxe5 dxe5 12. c5 Be6 13. Qa4 c6 14.
Bc4 Qe7 15. Rd1 Nf7 16. Qb3 Bg4 17. h4 Nd7 18. hxg5 Nxc5 19. gxf6 Qxf6 20. Qa3 Bxf3 21. gxf3 Qxf3 22. Rg1 Nxe4 23. Be2 Qf5 24. Bd3 Nfg5 25. Nxe4 Nf3+ 26. Kf1 Qh3+ 27. Ke2 Qh5 28. Rh1 Ng1+ 29. Kd2 Qxh1 30. Kc1 Rad8 31. Qb3+ Kh8 32. Nc5 Qh6+ 33. Kb1 Nf3 34. Ne6 Nd2+ 35. Rxd2 Qxd2 36. Nxd8 Rxd8 37. Bf5 Qe1+ 38. Kc2 e4 0-1

[Event "*** Titled Tuesday Blitz"]
[Site "Chess.com"]
[Date "2018.07.03"]
[Round "3"]
[White "rasmussvane"]
[Black "Zq1"]
[Result "1-0"]
[WhiteElo "2566"]
[BlackElo "2508"]
[TimeControl "180+2"]
[EndTime "13:36:15 PDT"]
[Termination "rasmussvane won by resignation"]

1. Nf3 Nf6 2. c4 c6 3. d4 d5 4.
Nbd2 Bf5 5. Nh4 Bd7 6. g3 h6 7.
Bg2 g5 8. Nhf3 Bf5 9. h4 g4 10. Ne5 Nbd7 11. cxd5 cxd5 12. Qb3 Qb6 13. Bxd5 Nxe5 14. Qxb6 axb6 15. Bxb7 Ra7 16. dxe5 Rxb7 17. exf6 exf6 18. Nc4 Be6 19. Ne3 Bg7 20. Bd2 f5 21.
Bc3 Bxc3+ 22. bxc3 Ke7 23. O-O Ra8 24. c4 Ra3 25. Rfb1 Kd6 26. Rb2 Kc6 27. Rab1 Ra5 28.
Kf1 Rc5 29. Rb4 Re5 30. Ke1 Re4 31. a4 Bc8 32. Nd5 Kc5 33. Nxb6 Be6 34. Rb5+ Kc6 35. Nd5 Ra7 36. R1b4 Bxd5 37. cxd5+ Kd6 38. Rxe4 fxe4 39. a5 f5 40. Kd2 Ke5 41. Ke3 h5 42. d6+ Ke6 43.
Kf4 1-0

[Event "*** Titled Tuesday Blitz"]
[Site "Chess.com"]
[Date "2018.07.03"]
[Round "3"]
[White "morphy1984"]
[Black "Saitama_Hero"]
[Result "0-1"]
[WhiteElo "2502"]
[BlackElo "2327"]
[TimeControl "180+2"]
[EndTime "13:36:16 PDT"]
[Termination "Saitama_Hero won by resignation"]

1. e4 d6 2. d4 g6 3. Nf3 Bg7 4.
Bc4 c6 5. O-O d5 6. exd5 cxd5 7.
Bb3 Nf6 8. Re1 O-O 9. Nbd2 Nc6 10. c3 Bf5 11. Ne5 e6 12. Ndf3 Ne4 13. g4 Nxe5 14. Nxe5 Bxe5 15. dxe5 Qh4 16. gxf5 Qxf2+ 17. Kh1 Qxf5 18.
Qd4 f6 19. exf6 Rxf6 20. Bd1 Nf2+ 21. Kg1 Nd3 22. Qe3 Nxe1 23. Qxe1 Raf8 24. Bh6 Qf1+ 25. Qxf1 Rxf1+ 26. Kg2 R8f2+ 27. Kg3 Rxb2 28. Rc1 Rg1+ 29.
Kh3 g5 30. Rc2 Rxc2 31. Bxc2 g4+ 32. Kh4 Rg2 33. Bb3 Rxh2+ 34. Kg5 g3 0-1

[Event "*** Titled Tuesday Blitz"]
[Site "Chess.com"]
[Date "2018.07.03"]
[Round "3"]
[White "GameOverBro"]
[Black "VladimirBelous"]
[Result "1-0"]
[WhiteElo "2442"]
[BlackElo "2658"]
[TimeControl "180+2"]
[EndTime "13:36:18 PDT"]
[Termination "GameOverBro won by resignation"]

1. e4 c5 2. Ne2 Nc6 3. Nbc3 e6 4. d4 cxd4 5. Nxd4 Qc7 6. g3 a6 7. Bg2 Nxd4 8. Qxd4 Nf6 9. O-O Bc5 10. Bf4 d6 11. Qd2 h6 12. Rad1 O-O 13. Bxd6 Bxd6 14. Qxd6 Qa5 15.
e5 Nd7 16. Rfe1 Re8 17. a3 Nf8 18. Rd4 Ng6 19. f4 Ne7 20. g4 Nc6 21. Bxc6 bxc6 22. Qxc6 Bb7 23. Qxb7 Qc5 24. Qb4 Qa7 25. Rd1 Rab8 26.
Qa4 Rec8 27. Kg2 Rxb2 28. Rd8+ Rxd8 29. Rxd8+ Kh7 30. Qe4+ g6 31. Ne2 Rb7 32. Kf3 Rc7 33.
c4 Qb6 34. Kg2 Qb2 35. h4 Qa2 36. Kf2 Rxc4 37. Qa8 Rxf4+ 38. Ke3 Qb3+ 39. Kxf4 g5+ 40.
hxg5 hxg5+ 41. Kxg5 Qe3+ 42. Kh4 Qf2+ 43. Kh3 Qf1+ 44.
Qg2 Qe1 45. Ng3 Qe3 46. Qe4+ 1-0

[Event "*** Titled Tuesday Blitz"]
[Site "Chess.com"]
[Date "2018.07.03"]
[Round "3"]
[White "David_Paravyan"]
[Black "PaulfromSPb"]
[Result "0-1"]
[WhiteElo "2700"]
[BlackElo "2521"]
[TimeControl "180+2"]
[EndTime "13:36:19 PDT"]
[Termination "PaulfromSPb won on time"]

1. e4 c5 2. Nf3 d6 3. d4 cxd4 4. Nxd4 Nf6 5. Nc3 a6 6. g4 Bxg4 7. f3 Bd7 8. Be3 Nc6 9. Qd2 g6 10. O-O-O Bg7 11. Kb1 b5 12. h4 b4 13. Nd5 Nxd5 14.
exd5 Ne5 15. h5 Qc7 16. Be2 a5 17. Bh6 Bf6 18. Bg5 Bxg5 19. Qxg5 f6 20. Qe3 O-O-O 21. f4 Ng4 22. Qd3 Qb6 23. Rhf1 f5 24. Rde1 Rhe8 25.
Bd1 Kb7 26. Rg1 Rc8 27. Bf3 a4 28. Nc6 a3 29. Nxe7 Rc3 30. Qe2 Re3 31. Qc4 R8xe7 32.
Rxe3 Nxe3 33. Qb3 Nc4 34. Rd1 Nxb2 0-1

[Event "*** Titled Tuesday Blitz"]
[Site "Chess.com"]
[Date "2018.07.03"]
[Round "3"]
[White "MateusViageiro"]
[Black "vovachesss"]
[Result "0-1"]
[WhiteElo "2300"]
[BlackElo "2424"]
[TimeControl "180+2"]
[EndTime "13:36:20 PDT"]
[Termination "vovachesss won by checkmate"]

1. e4 c6 2. d4 d5 3. Nc3 dxe4 4. Nxe4 Nf6 5. Nxf6+ exf6 6. Nf3 Bd6 7. Bd3 O-O 8. O-O Re8 9. c3 Nd7 10. Re1 Rxe1+ 11.
Qxe1 Nf8 12. h3 Ng6 13. Bc2 Be6 14. Nd2 Qd7 15. Ne4 Bf8 16. Qe2 Re8 17. Qh5 Bd5 18.
f3 f5 19. Ng3 Re1+ 20. Kf2 Qe8 21. Qxf5 Bd6 22. Be4 Rd1 23. b3 Be6 24. Qh5 Bxg3+ 25.
Kxg3 Qb8+ 26. Kf2 Qh2 27. Qg5 h6 28. Qe3 Bxh3 29. f4 Qg1+ 30. Kg3 Qh1 31. Bxg6 Qxg2+ 32. Kh4 Qg4# 0-1

[Event "*** Titled Tuesday Blitz"]
[Site "Chess.com"]
[Date "2018.07.03"]
[Round "3"]
[White "Morshynska"]
[Black "artichaud"]
[Result "1/2-1/2"]
[WhiteElo "2150"]
[BlackElo "2136"]
[TimeControl "180+2"]
[EndTime "13:36:20 PDT"]
[Termination "Game drawn by agreement"]

1. d4 Nf6 2. c4 c5 3. Nf3 cxd4 4. Nxd4 d5 5. Nc3 e5 6. Nf3 d4 7. Nb1 Nc6 8. e3 Bc5 9. exd4 exd4 10. Bd3 O-O 11.
O-O Bg4 12. h3 Bh5 13. Bf4 Nb4 14. a3 Nxd3 15. Qxd3 a5 16. Ne5 Qb6 17. b3 Rad8 18. Nd2 Rfe8 19. Rfe1 Re6 20. Ndf3 Rde8 21. g4 Bg6 22.
Nxg6 Rxe1+ 23. Rxe1 Rxe1+ 24. Nxe1 hxg6 25. Nc2 Qe6 26. Kg2 Qc6+ 27. f3 Nd7 28. b4 Ba7 29.
Nxd4 Qf6 30. Be3 Ne5 31. Qe2 axb4 32. axb4 Nxg4 33. hxg4 Bxd4 34. Bxd4 Qxd4 35. b5 1/2-1/2

[Event "*** Titled Tuesday Blitz"]
[Site "Chess.com"]
[Date "2018.07.03"]
[Round "3"]
[White "Keranke"]
[Black "MITerryble"]
[Result "0-1"]
[WhiteElo "2752"]
[BlackElo "2697"]
[TimeControl "180+2"]
[EndTime "13:36:21 PDT"]
[Termination "MITerryble won by resignation"]

1. d4 d5 2. Bf4 c6 3. e3 Qb6 4. Qc1 Nf6 5. c4 Bf5 6. Nc3 e6 7. Nf3 Nbd7 8. h3 h6 9. Be2 Be7 10. O-O O-O 11. Nd2 Rac8 12. c5 Qd8 13. b4 Re8 14.
Bh2 Bf8 15. f4 Ne4 16. Ncxe4 Bxe4 17. Nxe4 dxe4 18. f5 e5 19. Bc4 exd4 20. exd4 Nf6 21. Be5 Rxe5 22. dxe5 Qd4+ 23. Kh2 Qxe5+ 24. Qf4 Qxf4+ 25.
Rxf4 b6 26. Rc1 bxc5 27. bxc5 Re8 28. g4 Re5 29. Bb3 Bxc5 30. Rff1 e3 31. Rc2 Bb4 32. Bc4 Nd5 33. Kg3 Bd2 34. Kf3 Nc3 35. Rh1 Kf8 36.
h4 h5 37. Rh2 hxg4+ 38. Kg3 Rxf5 39. Kxg4 Re5 40. Be2 Ke7 41. Kf3 Rf5+ 42. Kg4 Ra5 43. Bc4 Ra4 0-1

[Event "*** Titled Tuesday Blitz"]
[Site "Chess.com"]
[Date "2018.07.03"]
[Round "3"]
[White "pultineviciuspaulius"]
[Black "GM_dmitrij"]
[Result "0-1"]
[WhiteElo "2611"]
[BlackElo "2815"]
[TimeControl "180+2"]
[EndTime "13:36:24 PDT"]
[Termination "GM_dmitrij won by resignation"]

1. Nf3 d5 2. g3 Bg4 3. Bg2 Nd7 4. O-O Ngf6 5. d3 e5 6. b3 Bd6 7. Bb2 O-O 8. Nbd2 Re8 9. e4 a5 10. exd5 Nxd5 11. Nc4 a4 12. Nxd6 cxd6 13. Qd2 a3 14. Bc1 Nc5 15. Ng5 Nf6 16. h3 Bf5 17. b4 Ne6 18.
Bxb7 Nxg5 19. Qxg5 Bxh3 20. Bg2 Bxg2 21. Kxg2 Qc7 22.
Qd2 d5 23. Rb1 Rec8 24. Rb3 Qxc2 25. Qxc2 Rxc2 26. Rxa3 Rxa3 27. Bxa3 Rxa2 28. Bc1 d4 29. Kf3 Nd5 30. Ke4 Nxb4 31. Kxe5 Nxd3+ 32. Kxd4 Rxf2 33. Rd1 Nxc1 34. Ke3 Re2+ 35. Kf3 Re8 36. Rxc1 h5 37. Rc5 g6 38. Kf4 Kg7 39. Rc6 Ra8 40. Kf3 Ra3+ 41. Kg2 Kh6 42. Rb6 Kg5 43. Rb7 f6 44. Rb5+ f5 45.
Rb4 Re3 46. Rb6 Re4 47. Ra6 h4 48. gxh4+ Rxh4 49. Kg3 Rb4 50. Kf3 Rb3+ 51. Kf2 Kh5 52. Rc6 g5 53. Rc4 f4 54. Rc6 Kg4 55. Rc3 Rxc3 0-1

[Event "*** Titled Tuesday Blitz"]
[Site "Chess.com"]
[Date "2018.07.03"]
[Round "3"]
[White "NateSolon"]
[Black "MikaelyanArman"]
[Result "0-1"]
[WhiteElo "2397"]
[BlackElo "2604"]
[TimeControl "180+2"]
[EndTime "13:36:26 PDT"]
[Termination "MikaelyanArman won by resignation"]

1. d4 d5 2. Bf4 Nf6 3. e3 e6 4. Nf3 c5 5. c3 Nc6 6. Nbd2 Bd6 7. Bg3 O-O 8. Bb5 Be7 9. Bd3 b6 10. Ne5 Bb7 11. f4 c4 12. Bc2 b5 13. a3 a5 14.
Bh4 Ne4 15. Bxe7 Nxe7 16. Nxe4 dxe4 17. O-O f6 18. Ng4 Nf5 19. Qe2 Bd5 20. Nf2 Nd6 21. g4 Qb6 22. Kh1 b4 23. axb4 axb4 24. Qd2 bxc3 25. bxc3 Rfb8 26. Rfb1 Rxa1 27. Rxa1 h6 28. Kg2 Qc7 29. Qc1 h5 30. h3 h4 31. Qa3 Nb5 32.
Qc1 Nxc3 33. Qd2 Nb5 34. Bxe4 Bxe4+ 35. Nxe4 Qc6 36. d5 exd5 37. Nf2 d4+ 38. e4 d3 39. Qb4 Rd8 40. Rb1 Nd6 41. Kf1 Nxe4 42. Qe7 Re8 0-1

[Event "*** Titled Tuesday Blitz"]
[Site "Chess.com"]
[Date "2018.07.03"]
[Round "3"]
[White "simplerXiao"]
[Black "26andrej26"]
[Result "1-0"]
[WhiteElo "2386"]
[BlackElo "2396"]
[TimeControl "180+2"]
[EndTime "13:36:26 PDT"]
[Termination "simplerXiao won on time"]

1. c4 Nf6 2. Nc3 g6 3. g3 d6 4. Bg2 Bg7 5. Nf3 O-O 6. O-O a6 7. Rb1 c5 8. d4 Bf5 9. Ra1 Nc6 10. d5 Na5 11. Nd2 Rb8 12. e4 Bd7 13. a4 b5 14. axb5 axb5 15. cxb5 Qb6 16. Re1 Bxb5 17. Nxb5 Qxb5 18. Bf1 Qb6 19. Nc4 Nxc4 20. Bxc4 Nd7 21. Ra3 Ne5 22. Bf1 Qc7 23. Kh1 h5 24. f4 Ng4 25. Qe2 Bd4 26. h3 Nf6 27. Bg2 Rb3 28. Rxb3 c4 29. Ra3 Nd7 30. f5 Ne5 31. Bf4 Nd3 32. Rxd3 cxd3 33. Qxd3 Bxb2 34. fxg6 fxg6 35. e5 Kh7 36. exd6 exd6 37. Qe2 Rf7 38. Qxb2 Qa5 39.
Qd2 Qc5 40. Re6 g5 41. Qd3+ Kg8 42. Qg6+ 1-0

[Event "*** Titled Tuesday Blitz"]
[Site "Chess.com"]
[Date "2018.07.03"]
[Round "3"]
[White "chesstatour"]
[Black "DiamondCrusher22"]
[Result "0-1"]
[WhiteElo "2035"]
[BlackElo "1967"]
[TimeControl "180+2"]
[EndTime "13:36:31 PDT"]
[Termination "DiamondCrusher22 won on time"]

1. c4 c6 2. e4 e5 3. Nc3 Nf6 4. Nf3 d6 5. d4 Nbd7 6. Be2 Be7 7. O-O O-O 8. h3 Qc7 9. Be3 a6 10. Rc1 Re8 11. b4 Nf8 12. b5 Ng6 13. Qd2 axb5 14.
cxb5 Qa5 15. bxc6 bxc6 16. d5 cxd5 17. exd5 Bb7 18. Rfd1 Rec8 19. Bg5 Rc5 20. Bxf6 Bxf6 21. Ne4 Qxd2 22. Nxf6+ gxf6 23. Nxd2 Bxd5 24. Rxc5 dxc5 25.
Nc4 Nf4 26. Bf1 Be6 27. Rd2 Ra4 28. Rc2 Bf5 29. Rd2 Be6 30. Rc2 Nd5 31. g3 Nb4 32. Rd2 Rxa2 33. Rd8+ Kg7 34. Nd6 Nc6 35. Ne8+ Kf8 36.
Rd6 Nd4 37. Nc7 Ke7 0-1

[Event "*** Titled Tuesday Blitz"]
[Site "Chess.com"]
[Date "2018.07.03"]
[Round "3"]
[White "albi1999"]
[Black "penguingm1"]
[Result "0-1"]
[WhiteElo "2508"]
[BlackElo "2762"]
[TimeControl "180+2"]
[EndTime "13:36:32 PDT"]
[Termination "penguingm1 won by checkmate"]

1. d4 d5 2. c4 e6 3. Nf3 Nf6 4.
g3 Be7 5. Bg2 O-O 6. O-O dxc4 7.
Ne5 Nc6 8. Bxc6 bxc6 9. Nxc6 Qe8 10. Nxe7+ Qxe7 11. Qc2 c5 12. Qxc4 cxd4 13. Qxd4 e5 14. Qh4 h6 15. Nc3 Bb7 16. e4 Rfe8 17. Re1 Rac8 18. Be3 Qb4 19. Bxh6 Re6 20. Bc1 Rd6 21. a3 Qb3 22. Qg5 Rxc3 23. bxc3 Qxc3 24. Be3 Nxe4 25. Qe7 Qc6 26. Rab1 Rd7 27. Qe8+ Kh7 28. Rxb7 Qxb7 29.
Qxe5 Re7 30. Qf5+ Kg8 31. Rc1 Re8 32. Qf4 Qd5 33. Qc7 Nf6 34. Qxa7 Ng4 35. Qc5 Qf3 36. Qc6 Re4 37. Rc4 Qd1+ 38. Kg2 Nxe3+ 39. fxe3 Qe2+ 40.
Kh3 Qf1# 0-1

[Event "*** Titled Tuesday Blitz"]
[Site "Chess.com"]
[Date "2018.07.03"]
[Round "3"]
[White "Rock700chess"]
[Black "NemtsevIgor"]
[Result "0-1"]
[WhiteElo "2455"]
[BlackElo "2404"]
[TimeControl "180+2"]
[EndTime "13:36:32 PDT"]
[Termination "NemtsevIgor won on time"]

1. d4 c6 2. c4 d6 3. Nc3 Nd7 4. Nf3 h6 5. g3 g5 6. Bg2 Bg7 7. h3 Nf8 8. e4 Ne6 9. Be3 Nf6 10. d5 Nf8 11. e5 dxe5 12. Nxe5 cxd5 13. cxd5 N8d7 14.
Nc4 Kf8 15. O-O Rb8 16. f4 b5 17. Ne5 gxf4 18. Nc6 Qc7 19. Bxf4 Qb6+ 20. Kh2 h5 21. Nxb8 Ng4+ 22. hxg4 hxg4+ 23. Bh3 Rxh3+ 24. Kg2 Nxb8 25.
Rh1 Bf5 26. Qd2 b4 27. Rxh3 gxh3+ 28. Kh2 bxc3 29. bxc3 Nd7 30. Re1 Qc5 31. Rc1 Ne5 32.
Qe2 Qxd5 33. c4 Nf3+ 34. Kh1 Qc6 35. Qe3 Bd4 36. Bh6+ Kg8 37. Qa3 Ne1+ 38. Qf3 Qxf3+ 0-1

[Event "*** Titled Tuesday Blitz"]
[Site "Chess.com"]
[Date "2018.07.03"]
[Round "3"]
[White "sergeikim"]
[Black "HanSchut"]
[Result "1-0"]
[WhiteElo "2417"]
[BlackElo "2273"]
[TimeControl "180+2"]
[EndTime "13:36:33 PDT"]
[Termination "sergeikim won by resignation"]

1. d4 Nf6 2. c4 g6 3. Nc3 d5 4. cxd5 Nxd5 5. e4 Nxc3 6. bxc3 Bg7 7. Bc4 O-O 8. Ne2 c5 9. O-O cxd4 10. cxd4 Nc6 11.
Be3 Bg4 12. f3 Na5 13. Bd3 Be6 14. Qd2 Nc4 15. Bxc4 Bxc4 16. Rfd1 b5 17. Ng3 a5 18. Bh6 Qb6 19. Bxg7 Kxg7 20. Qg5 f6 21. Qg4 Rad8 22.
Kh1 Kh8 23. d5 e6 24. dxe6 Qxe6 25. Qf4 Qe5 26. Qh6 Bxa2 27. f4 Qb2 28. f5 Qc2 29. Rdc1 Qd2 30. Qh4 g5 31. Qh6 Rf7 32.
e5 fxe5 33. Ne4 Qf4 34. Nxg5 Rg7 35. h4 Qxf5 36. Rxa2 Qg4 37. Ra3 b4 38. Rh3 b3 39.
Qf6 b2 40. Qxd8+ Rg8 41. Qd2 bxc1=Q+ 42. Qxc1 Rd8 43. Kh2 Qf4+ 44. Qxf4 exf4 45. Nf7+ 1-0

[Event "*** Titled Tuesday Blitz"]
[Site "Chess.com"]
[Date "2018.07.03"]
[Round "3"]
[White "Goala"]
[Black "Bad4life"]
[Result "0-1"]
[WhiteElo "2421"]
[BlackElo "2417"]
[TimeControl "180+2"]
[EndTime "13:36:38 PDT"]
[Termination "Bad4life won by checkmate"]

1. d4 Nf6 2. c4 c5 3. d5 e6 4. Nc3 exd5 5. cxd5 d6 6. e4 g6 7. h3 Bg7 8. Nf3 O-O 9. Bd3 Nh5 10. Bg5 Bf6 11. Bh6 Re8 12. O-O Nd7 13. Re1 a6 14. a4 Ne5 15. Be2 Rb8 16. Nxe5 Bxe5 17. Bxh5 Qh4 18. Bxg6 hxg6 19. Qd2 Bd4 20. Bf4 b5 21.
axb5 axb5 22. Bxd6 Rb6 23. e5 Bxh3 24. gxh3 Qg3+ 25.
Kh1 Qxh3+ 26. Kg1 Qg3+ 27. Kh1 Bxf2 28. Qh6 Qf3+ 29. Kh2 Bg3+ 30. Kg1 Bf2+ 31. Kh2 Bg3+ 32. Kg1 Bxe1 33. Bxc5 Qg3+ 34. Kh1 Qf3+ 35. Kg1 Qg3+ 36. Kh1 Rbb8 37. Bd6 Rbd8 38. Ra6 Qf3+ 39. Kg1 Bf2+ 40.
Kh2 Bg3+ 41. Kh3 Bf4+ 42. Kh4 Qg3# 0-1

[Event "*** Titled Tuesday Blitz"]
[Site "Chess.com"]
[Date "2018.07.03"]
[Round "3"]
[White "saraswathii"]
[Black "LimeInTheCoconut"]
[Result "1-0"]
[WhiteElo "2313"]
[BlackElo "2223"]
[TimeControl "180+2"]
[EndTime "13:36:39 PDT"]
[Termination "saraswathii won by resignation"]

1. e4 e5 2. d3 Nc6 3. Nf3 g6 4. g3 Bg7 5. Bg2 Nge7 6. O-O O-O 7. c3 d6 8. Nbd2 h6 9. Nc4 f5 10. exf5 gxf5 11. Nh4 d5 12. Ne3 Be6 13. Qh5 Qe8 14.
Qe2 Rd8 15. Re1 e4 16. dxe4 dxe4 17. Nc2 Ne5 18. Nd4 Bc8 19. Bf4 c5 20. Bxe5 Bxe5 21. Qc4+ Rd5 22. Ndxf5 Bxf5 23. Nxf5 Rxf5 24. Bxe4 Qf7 25.
Bxf5 Nxf5 26. f4 Bg7 27. Rad1 Rxd1 28. Qxf7+ Kxf7 29. Rxd1 Ke7 30. Rd5 Nd6 31. Rxc5 Kd7 32. Kg2 b6 33. Rd5 Kc6 34. Rd2 Nc4 35. Re2 a5 36. Kf3 Kd5 37. b3 Nd6 38. c4+ Kc5 39. g4 a4 40. h4 axb3 41. axb3 h5 42. gxh5 Nf5 43. Kg4 Nd4 44. Re7 Bf8 45. Rf7 Bh6 46. Rf6 Bg7 47. Rg6 Bh8 48. h6 Nxb3 49. h7 Nd2 50.
Rg8 Bd4 51. Rd8 1-0